 Dungeon Crawl Stone Soup version 0.27-a0-1296-g8ece459b43 (webtiles) character file.

Game seed: 15619475196261819065

0 Ayon the Firebug (level 1, 0/14 HPs)
             Began as a Demigod Fire Elementalist on June 16, 2021.
             Slain by a dart slug (3 damage)
             ... on level 1 of the Dungeon.
             The game lasted 00:00:47 (40 turns).

Ayon the Firebug (Demigod Fire Elementalist)          Turns: 40, Time: 00:00:47

Health: 0/14       AC:  2    Str:  9    XL:     1   Next: 6%
Magic:  5/5        EV: 12    Int: 17    God:
Gold:   0          SH:  0    Dex: 14    Spells: 2/3 levels left

rFire    . . .     SeeInvis .   (no weapon)
rCold    . . .     Faith    .   (no shield)
rNeg     . . .     Spirit   .   a - +0 robe
rPois    .         Reflect  .   (no helmet)
rElec    .         Harm     .   (no cloak)
rCorr    .         Rampage  .   (no gloves)
Will     .....                  (no boots)
Stlth    ++........             (no amulet)
HPRegen  0.04/turn              (no ring)
MPRegen  0.09/turn              (no ring)

@: no status effects
A: high mp 1, forlorn
a: no special abilities


You were on level 1 of the Dungeon.
You visited 1 branch of the dungeon, and saw 1 of its levels.

Inventory:

Armour
 a - a +0 robe (worn)


   Skills:
 + Level 1.7 Dodging
 + Level 1.7 Stealth
 + Level 1.7 Spellcasting
 + Level 0.8 Conjurations
 + Level 2.7 Fire Magic


You had 2 spell levels left.
You knew the following spells:

 Your Spells              Type           Power      Damage    Failure   Level
a - Foxfire               Conj/Fire      28%        2x1d5     10%         1

Your spell library contained the following spells:

 Spells                   Type           Power      Damage    Failure   Level
 Conjure Flame            Conj/Fire      7%         6-21      28%         3
 Inner Flame              Hex/Fire       6%         N/A       34%         3
 Sticky Flame             Conj/Fire      7%         2d3       67%         4
 Fireball                 Conj/Fire      3%         3d4       95%         5


Dungeon Overview and Level Annotations

Branches:
Dungeon (1/15)


Innate Abilities, Weirdness & Mutations

Your attributes grow dramatically as you level up.
You have an increased reservoir of magic. (+10% MP)
You shall have no god before yourself.


Message History

The dart slug launches a dart at you. The slug dart misses you.
You see here a frilled lizard corpse.
The dart slug barely misses you.
You hit the dart slug.
The dart slug is moderately wounded.
The dart slug bites you but does no damage.
You hit the dart slug but do no damage.
The dart slug is moderately wounded.
You hit the dart slug but do no damage.
The dart slug is moderately wounded.
The dart slug bites you.
You hit the dart slug but do no damage.
The dart slug is moderately wounded.
The dart slug launches a dart at you. The slug dart hits you.
You hit the dart slug but do no damage.
The dart slug is moderately wounded.
You hit the dart slug but do no damage.
The dart slug is moderately wounded.
The dart slug launches a dart at you. The slug dart misses you.
You hit the dart slug.
The dart slug is heavily wounded.
The dart slug launches a dart at you. The slug dart misses you.
You hit the dart slug.
The dart slug is heavily wounded.
The dart slug launches a dart at you. The slug dart hits you.
* * * LOW HITPOINT WARNING * * *
You hit the dart slug but do no damage.
The dart slug is heavily wounded.
You hit the dart slug but do no damage.
The dart slug is heavily wounded.
The dart slug bites you but does no damage.
You hit the dart slug.
The dart slug is severely wounded.
The dart slug bites you.
You die...

#..# ###..#
### #....##...
#.#.....#.#
#....#....#
#.#.....#
#...# ###.#
###@# ## #.†w#
..#######.###
..........#
#.........###
#.≈≈≈≈≈≈§≈≈≈#
#.≈8≈≈≈≈≈≈8≈#
##.≈≈8≈≈≈≈8≈≈#
...≈≈≈#''#≈≈≈#


You could see a dart slug.

Vanquished Creatures
  A frilled lizard (D:1)
1 creature vanquished.

Notes
Turn   | Place    | Note
-------+----------+-------------------------------------------
     0 | D:1      | Ayon the Demigod Fire Elementalist began the quest for the
                  | Orb.
     0 | D:1      | Reached XP level 1. HP: 14/14 MP: 5/5
    40 | D:1      | Slain by a dart slug

Illustrated notes

Levels and vault maps discovered:
D:1:      lightli_arrival_boilingwater, layout_rooms, minmay_misc_feat_room,
          minmay_misc_feat_four_crosses, minmay_misc_feat_five,
          minmay_octomino_j4

Action                   || total
-------------------------++-------
Melee: Unarmed           ||    19
 Stab: Sleeping          ||     1
Armor: Robe              ||     3
Dodge: Dodged            ||     6

Table legend: (Time is in decaauts)
 A = Elapsed time spent in this place.
 B = Non-inter-level travel time spent in this place.
 C = Inter-level travel time spent in this place.
 D = Time resting spent in this place.
 E = Time spent auto-exploring this place.
 F = Levels seen in this place.
 G = Mean time per level.
                   A        B        C        D        E       F      G
               +--------+--------+--------+--------+--------+-----+--------+
         Total |     41 |     37 |      4 |      0 |      0 |   1 |   41.0 |
       Dungeon |     41 |     37 |      4 |      0 |      0 |   1 |   41.0 |
               +--------+--------+--------+--------+--------+-----+--------+

Top non-repeatable levels by time:
     D:1: 41 daAuts
